PCL
SAN JOSE MISSIONS @ REDWOOD CITY REDWOODS
08/25/2028
 
TOP OF THE 1ST
San Jose Missions batting - Pitching for Redwood City Redwoods : RHP Nathan Seymour
Pitching: RHP Nathan Seymour
Batting: RHB Chang-geun Kim 0-0: Foul Ball, location: 2F
0-1: Ground out 1-3 (Groundball, P)
Batting: RHB Jorge Díaz 0-0: Ball
1-0: Called Strike
1-1: Ball
2-1: Ball
3-1: SOLO HOME RUN (Flyball, 9LD), Distance : 324 ft
Batting: LHB Chris Austin 0-0: Called Strike
0-1: Swinging Strike
0-2: Ball
1-2: Ball
2-2: SOLO HOME RUN (Flyball, 89XD), Distance : 392 ft
Batting: RHB Dale Taylor 0-0: Ball
1-0: Ball
2-0: Ball
3-0: Called Strike
3-1: Base on Balls
Batting: LHB Alan McGilroy 0-0: Ball
1-0: Called Strike
1-1: Ball
2-1: SINGLE (Flyball, 8RS)
Dale Taylor to second
Batting: RHB Naomichi Aoki 0-0: Ball
1-0: Foul Ball, location: 2F
1-1: Foul Ball, location: 2F
1-2: Ball
2-2: Strikes out looking
Batting: RHB Ed Starr 0-0: Foul Ball, location: 2F
0-1: Ball
1-1: Swinging Strike
1-2: Ball
2-2: Ground out 5-3 (Groundball, 56S)
Top of the 1st over - 2 run(s), 3 hit(s), 0 error(s), 2 left on base; San Jose 2 - Redwood City 0
BOTTOM OF THE 1ST
Redwood City Redwoods batting - Pitching for San Jose Missions : RHP Francisco Arellano
Pitching: RHP Francisco Arellano
Batting: RHB Robert Downing 0-0: Ball
1-0: DOUBLE (Line Drive, 78D)
Batting: LHB Keith Green 0-0: Called Strike
0-1: Called Strike
0-2: Ball
1-2: SINGLE (Groundball, 4) (infield hit)
Robert Downing to third
Batting: LHB Marcos Pérez 0-0: Ball
1-0: Ball
2-0: SINGLE (Groundball, 4D)
Robert Downing scores
Keith Green to second
Runner from 2nd tries for 3rd, SAFE, no throw
Batting: LHB Bill McCraney 0-0: Ground out 4-3 (Groundball, 34)
Keith Green scores
Marcos Pérez to second
Batting: RHB Richie Miller 0-0: Ball
1-0: Ball
2-0: Fly out, F7 (Flyball, 7LS)
Batting: LHB Vicente Chávez 0-0: Called Strike
0-1: Foul Ball, location: 2F
0-2: Ball
1-2: Strikes out looking
Bottom of the 1st over - 2 run(s), 3 hit(s), 0 error(s), 1 left on base; San Jose 2 - Redwood City 2
TOP OF THE 2ND
San Jose Missions batting - Pitching for Redwood City Redwoods : RHP Nathan Seymour
Batting: RHB Bobby Brewster 0-0: Ball
1-0: Ball
2-0: Ball
3-0: Called Strike
3-1: Called Strike
3-2: Foul Ball, location: 2F
3-2: Base on Balls
Batting: RHB Miguel Mendoza 0-0: Ball
1-0: Swinging Strike
1-1: Ball
2-1: Fly out, F9 (Flyball, 9S)
Batting: RHB Chang-geun Kim 0-0: Ball
1-0: SINGLE (Groundball, 25) (infield hit)
Bobby Brewster to second
Batting: RHB Jorge Díaz 0-0: Ball
1-0: Ball
2-0: Grounds into double play, 6-4-3 (Groundball, 56)
Top of the 2nd over - 0 run(s), 1 hit(s), 0 error(s), 1 left on base; San Jose 2 - Redwood City 2
BOTTOM OF THE 2ND
Redwood City Redwoods batting - Pitching for San Jose Missions : RHP Francisco Arellano
Batting: RHB Bob Campbell 0-0: Called Strike
0-1: Foul Ball, location: 2F
0-2: Ball
1-2: Fly out, F8 (Line Drive, 8LM)
Batting: RHB Héctor Vázquez 0-0: Swinging Strike
0-1: Ground out 3-1 (Groundball, 34)
Batting: RHB David Strickland 0-0: Ball
1-0: Called Strike
1-1: Called Strike
1-2: Ball
2-2: Foul Ball, location: 2F
2-2: SINGLE (Flyball, 9LS)
Batting: RHB Robert Downing 0-0: Foul Ball, location: 2F
0-1: Swinging Strike
0-2: Ball
1-2: Ball
2-2: Ball
3-2: Foul Ball, location: 2F
3-2: Fly out, F9 (Line Drive, 9)
Bottom of the 2nd over - 0 run(s), 1 hit(s), 0 error(s), 1 left on base; San Jose 2 - Redwood City 2
TOP OF THE 3RD
San Jose Missions batting - Pitching for Redwood City Redwoods : RHP Nathan Seymour
Batting: LHB Chris Austin 0-0: Called Strike
0-1: Foul Ball, location: 2F
0-2: Foul Ball, location: 2F
0-2: Ball
1-2: Hit by Pitch
Batting: RHB Dale Taylor 0-0: Called Strike
0-1: SINGLE (Line Drive, 6M)
Chris Austin to second
Batting: LHB Alan McGilroy 0-0: Ball
1-0: Foul Ball, location: 2F
1-1: Swinging Strike
1-2: Ball
2-2: Fly out, F4 (Popup, 34D)
Batting: RHB Naomichi Aoki 0-0: Foul Ball, location: 2F
0-1: Ball
1-1: Fly out, F7 (Flyball, 7)
Batting: RHB Ed Starr 0-0: Ball
1-0: Swinging Strike
1-1: Fielders Choice at 2nd, 6-4 (Groundball, 6)
Top of the 3rd over - 0 run(s), 1 hit(s), 0 error(s), 1 left on base; San Jose 2 - Redwood City 2
BOTTOM OF THE 3RD
Redwood City Redwoods batting - Pitching for San Jose Missions : RHP Francisco Arellano
Batting: LHB Keith Green 0-0: Ball
1-0: Called Strike
1-1: Foul Ball, location: 2F
1-2: Ground out 6-3 (Groundball, 6)
Batting: LHB Marcos Pérez 0-0: Called Strike
0-1: DOUBLE (Line Drive, 7LS)
Batting: LHB Bill McCraney 0-0: Ball
1-0: Called Strike
1-1: Swinging Strike
1-2: Strikes out swinging
Batting: RHB Richie Miller 0-0: Called Strike
0-1: Swinging Strike
0-2: Ball
1-2: Ball
2-2: SINGLE (Line Drive, 89M)
Marcos Pérez to third
Runner from 3rd tries for Home, SAFE, no throw
Batting: LHB Vicente Chávez 0-0: Ball
1-0: Ball
2-0: Called Strike
2-1: Ball
3-1: Called Strike
3-2: Strikes out swinging
Bottom of the 3rd over - 1 run(s), 2 hit(s), 0 error(s), 1 left on base; San Jose 2 - Redwood City 3
TOP OF THE 4TH
San Jose Missions batting - Pitching for Redwood City Redwoods : RHP Nathan Seymour
Batting: RHB Bobby Brewster 0-0: Ball
1-0: Ball
2-0: DOUBLE (Groundball, 5L)
Batting: RHB Miguel Mendoza 0-0: Ball
1-0: Foul Ball, location: 2F
1-1: Ball
2-1: Called Strike
2-2: Strikes out swinging
Batting: RHB Chang-geun Kim 0-0: Ball
1-0: Ball
2-0: Swinging Strike
2-1: Foul Ball, location: 2F
2-2: Ball
3-2: Strikes out swinging
Batting: RHB Jorge Díaz 0-0: Foul Ball, location: 2F
0-1: Foul Ball, location: 2F
0-2: Foul Ball, location: 2F
0-2: Foul Ball, location: 2F
0-2: Strikes out swinging
Top of the 4th over - 0 run(s), 1 hit(s), 0 error(s), 1 left on base; San Jose 2 - Redwood City 3
BOTTOM OF THE 4TH
Redwood City Redwoods batting - Pitching for San Jose Missions : RHP Francisco Arellano
Batting: RHB Bob Campbell 0-0: Called Strike
0-1: Fly out, F8 (Line Drive, 8RM)
Now in CF: Irwin Duncan
Batting: RHB Héctor Vázquez 0-0: Called Strike
0-1: Ground out 5-3 (Groundball, 56S)
Batting: RHB David Strickland 0-0: Ball
1-0: SINGLE (Line Drive, 6MD)
Batting: RHB Robert Downing 0-0: Ball
1-0: Ball
2-0: Ball
3-0: Called Strike
3-1: SINGLE (Line Drive, 56)
David Strickland to second
Batting: LHB Keith Green 0-0: Ball
1-0: Ball
2-0: Foul Ball, location: 2F
2-1: Ball
3-1: Called Strike
3-2: Fly out, F7 (Line Drive, 7S)
Bottom of the 4th over - 0 run(s), 2 hit(s), 0 error(s), 2 left on base; San Jose 2 - Redwood City 3
TOP OF THE 5TH
San Jose Missions batting - Pitching for Redwood City Redwoods : RHP Nathan Seymour
Batting: LHB Chris Austin 0-0: Called Strike
0-1: Ball
1-1: Ball
2-1: Foul Ball, location: 2F
2-2: Ground out 5-3 (Groundball, 5D)
Batting: RHB Dale Taylor 0-0: Foul Ball, location: 2F
0-1: SINGLE (Line Drive, 6MD)
Batting: LHB Alan McGilroy 0-0: Ball
1-0: Ball
2-0: Ball
3-0: Base on Balls
Dale Taylor to second
Batting: RHB Naomichi Aoki 0-0: Called Strike
0-1: Foul Ball, location: 2F
0-2: Ball
1-2: Ball
2-2: Ball
3-2: Base on Balls
Dale Taylor to third
Alan McGilroy to second
Pitching: RHP Domingo Franco
Batting: RHB Ed Starr 0-0: Ball
1-0: Ball
2-0: Ball
3-0: Called Strike
3-1: SINGLE (Groundball, 4MD)
Dale Taylor scores
Alan McGilroy to third
Naomichi Aoki to second
Runner from 3rd tries for Home, SAFE, throw made at trailing runner, OUT at third!
Batting: RHB Bobby Brewster 0-0: Ball
1-0: Ball
2-0: Ball
3-0: Called Strike
3-1: Foul Ball, location: 2F
3-2: Base on Balls
Ed Starr to second
Batting: RHB Miguel Mendoza 0-0: Ball
1-0: Fly out, F9 (Flyball, 9)
Top of the 5th over - 2 run(s), 2 hit(s), 0 error(s), 2 left on base; San Jose 4 - Redwood City 3
BOTTOM OF THE 5TH
Redwood City Redwoods batting - Pitching for San Jose Missions : RHP Francisco Arellano
Batting: LHB Marcos Pérez 0-0: Ball
1-0: Swinging Strike
1-1: Called Strike
1-2: Strikes out swinging
Batting: LHB Bill McCraney 0-0: Swinging Strike
0-1: SINGLE (Line Drive, 89S)
Batting: RHB Richie Miller 0-0: Ball
1-0: Called Strike
1-1: Fly out, F8 (Flyball, 8RS)
Batting: LHB Vicente Chávez 0-0: Ball
1-0: Called Strike
1-1: Foul Ball, location: 2F
1-2: Ball
2-2: Foul Ball, location: 2F
2-2: Strikes out looking
Bottom of the 5th over - 0 run(s), 1 hit(s), 0 error(s), 1 left on base; San Jose 4 - Redwood City 3
TOP OF THE 6TH
San Jose Missions batting - Pitching for Redwood City Redwoods : RHP Domingo Franco
Batting: RHB Irwin Duncan 0-0: Foul Ball, location: 2F
0-1: Ground out 6-3 (Groundball, 6)
Batting: RHB Jorge Díaz 0-0: Ball
1-0: Called Strike
1-1: Ball
2-1: Foul Ball, location: 2F
2-2: Ball
3-2: Strikes out looking
Batting: LHB Chris Austin 0-0: Reached on error, E4 (Groundball, 4D)
Batting: RHB Dale Taylor 0-0: Called Strike
0-1: Swinging Strike
Passed Ball!
Chris Austin to second
0-2: Ball
1-2: Foul Ball, location: 2F
1-2: Fly out, F7 (Flyball, 7S)
Top of the 6th over - 0 run(s), 0 hit(s), 1 error(s), 1 left on base; San Jose 4 - Redwood City 3
BOTTOM OF THE 6TH
Redwood City Redwoods batting - Pitching for San Jose Missions : RHP Francisco Arellano
Batting: RHB Bob Campbell 0-0: Ball
1-0: Foul Ball, location: 2F
1-1: Swinging Strike
1-2: Foul Ball, location: 2F
1-2: Ball
2-2: Strikes out swinging
Batting: RHB Héctor Vázquez 0-0: Foul Ball, location: 2F
0-1: Swinging Strike
0-2: Foul Ball, location: 2F
0-2: Ground out 6-3 (Groundball, 56)
Batting: RHB David Strickland 0-0: Ball
1-0: SINGLE (Groundball, 34D)
Pitching: RHP José Reyes
Batting: RHB Robert Downing 0-0: Called Strike
0-1: Foul Ball, location: 2F
0-2: Strikes out swinging
Bottom of the 6th over - 0 run(s), 1 hit(s), 0 error(s), 1 left on base; San Jose 4 - Redwood City 3
TOP OF THE 7TH
San Jose Missions batting - Pitching for Redwood City Redwoods : RHP Domingo Franco
Batting: LHB Alan McGilroy 0-0: Ball
1-0: Ball
2-0: Ball
3-0: Called Strike
3-1: Base on Balls
Batting: RHB Naomichi Aoki 0-0: Ball
Wild Pitch!
Alan McGilroy to second
1-0: Foul Ball, location: 2F
1-1: Ground out 6-3 (Groundball, 6)
Batting: RHB Ed Starr 0-0: Intentional Walk
Pinch Hitting: LHB Miguel Montés 0-0: Called Strike
0-1: Ball
1-1: Foul Ball, location: 2F
1-2: Ball
2-2: SINGLE (Flyball, 8LS)
Alan McGilroy to third
Ed Starr to second
Runner from 3rd tries for Home, SAFE, throw made home
Ed Starr to third
Miguel Montés to second
Batting: RHB Miguel Mendoza 0-0: SINGLE (Groundball, 6) (infield hit)
Ed Starr scores
Miguel Montés to third
Pitching: RHP Fernando Valdés
Batting: RHB Irwin Duncan 0-0: Ball
1-0: Ball
2-0: Ball
3-0: Base on Balls
Miguel Mendoza to second
Batting: RHB Jorge Díaz 0-0: Ball
1-0: Ball
2-0: Ball
3-0: Called Strike
3-1: Grounds into fielders choice 3-2 (Groundball, 34S)
Miguel Mendoza to third
Irwin Duncan to second
Batting: LHB Chris Austin 0-0: GRAND SLAM HOME RUN (Flyball, 78XD), Distance : 395 ft
Batting: RHB Dale Taylor 0-0: Ball
1-0: Called Strike
1-1: Ball
2-1: Foul Ball, location: 2F
2-2: Ball
3-2: Foul Ball, location: 2F
3-2: Strikes out swinging, 2-3 out at first.
Top of the 7th over - 6 run(s), 3 hit(s), 0 error(s), 0 left on base; San Jose 10 - Redwood City 3
BOTTOM OF THE 7TH
Redwood City Redwoods batting - Pitching for San Jose Missions : RHP José Reyes
Now at 3B: Glenn Johnson
Batting: LHB Keith Green 0-0: Foul Ball, location: 2F
0-1: Swinging Strike
0-2: Ball
1-2: Fly out, F8 (Flyball, 8LM)
Batting: LHB Marcos Pérez 0-0: Fly out, F6 (Popup, 6)
Batting: LHB Bill McCraney 0-0: Ball
1-0: SINGLE (Flyball, 89S)
Batting: RHB Richie Miller 0-0: Called Strike
0-1: Ball
1-1: Foul Ball, location: 2F
1-2: Strikes out swinging
Bottom of the 7th over - 0 run(s), 1 hit(s), 0 error(s), 1 left on base; San Jose 10 - Redwood City 3
TOP OF THE 8TH
San Jose Missions batting - Pitching for Redwood City Redwoods : RHP Fernando Valdés
Pitching: RHP José Gusmán
Batting: LHB Alan McGilroy 0-0: Called Strike
0-1: Called Strike
0-2: Ball
1-2: Foul Ball, location: 2F
1-2: Strikes out looking
Batting: RHB Naomichi Aoki 0-0: Ball
1-0: Called Strike
1-1: Foul Ball, location: 2F
1-2: Ball
2-2: Fly out, F8 (Flyball, 78D)
Batting: RHB Ed Starr 0-0: Called Strike
0-1: Ball
1-1: Ball
2-1: Ball
3-1: Base on Balls
Batting: RHB Glenn Johnson 0-0: Called Strike
0-1: Ball
1-1: Ball
2-1: DOUBLE (Flyball, 89XD)
Ed Starr to third
Runner from 3rd tries for Home, SAFE, no throw
Batting: RHB Miguel Mendoza 0-0: Ball
1-0: Foul Ball, location: 2F
1-1: Called Strike
1-2: Ground out 6-3 (Groundball, 6)
Top of the 8th over - 1 run(s), 1 hit(s), 0 error(s), 1 left on base; San Jose 11 - Redwood City 3
BOTTOM OF THE 8TH
Redwood City Redwoods batting - Pitching for San Jose Missions : RHP José Reyes
Batting: LHB Vicente Chávez 0-0: Ball
1-0: Ball
2-0: Called Strike
2-1: Ball
3-1: Swinging Strike
3-2: Strikes out swinging
Batting: RHB Bob Campbell 0-0: Called Strike
0-1: TRIPLE (Line Drive, 8LM)
Batting: RHB Héctor Vázquez 0-0: Called Strike
0-1: Swinging Strike
0-2: Ball
1-2: Foul Ball, location: 2F
1-2: Ball
2-2: Strikes out swinging
Pinch Hitting: RHB Javier Ortíz 0-0: Foul Ball, location: 2F
0-1: Ball
1-1: Fly out, F8 (Line Drive, 8LM)
Bottom of the 8th over - 0 run(s), 1 hit(s), 0 error(s), 1 left on base; San Jose 11 - Redwood City 3
TOP OF THE 9TH
San Jose Missions batting - Pitching for Redwood City Redwoods : RHP José Gusmán
Now at SS: Chris Hall
Batting: RHB Irwin Duncan 0-0: Ball
1-0: Fly out, F7 (Flyball, 7)
Batting: RHB Jorge Díaz 0-0: Swinging Strike
0-1: Ball
1-1: Swinging Strike
1-2: Ball
2-2: Foul Ball, location: 2F
2-2: Ball
3-2: Foul Ball, location: 2F
3-2: Foul Ball, location: 2F
3-2: Foul Ball, location: 2F
3-2: Foul Ball, location: 2F
3-2: Base on Balls
Batting: LHB Chris Austin 0-0: Ball
1-0: Ball
2-0: Ball
3-0: Called Strike
3-1: Base on Balls
Jorge Díaz to second
Pitching: RHP Daniel Betteridge
Batting: RHB Dale Taylor 0-0: Ball
Wild Pitch!
Jorge Díaz to third
Chris Austin to second
1-0: Foul Ball, location: 2F
1-1: 3-RUN HOME RUN (Flyball, 7D), Distance : 351 ft
Batting: LHB Alan McGilroy 0-0: Ball
1-0: Ball
2-0: Foul Ball, location: 2F
2-1: Ball
3-1: SINGLE (Line Drive, 9LM)
Batting: RHB Naomichi Aoki 0-0: Ball
1-0: Fly out, F7 (Flyball, 78S)
Batting: RHB Ed Starr 0-0: Ball
1-0: Foul Ball, location: 2F
1-1: Called Strike
1-2: Ball
2-2: Foul Ball, location: 2F
2-2: Ball
3-2: SINGLE (Line Drive, 7S)
Alan McGilroy to second
Alan McGilroy to third
Batting: RHB Glenn Johnson 0-0: Ball
1-0: Ball
2-0: Swinging Strike
2-1: SINGLE (Groundball, 56) (infield hit)
Alan McGilroy scores
Ed Starr to second
Batting: RHB Miguel Mendoza 0-0: Called Strike
0-1: Foul Ball, location: 2F
0-2: Strikes out swinging
Top of the 9th over - 4 run(s), 4 hit(s), 0 error(s), 2 left on base; San Jose 15 - Redwood City 3
BOTTOM OF THE 9TH
Redwood City Redwoods batting - Pitching for San Jose Missions : RHP José Reyes
Batting: RHB Robert Downing 0-0: Called Strike
0-1: Ball
1-1: Swinging Strike
1-2: SINGLE (Groundball, 6MD)
Batting: LHB Keith Green 0-0: Called Strike
0-1: Ball
1-1: Ball
2-1: Foul Ball, location: 2F
2-2: Fielders Choice at 2nd, 3-6 (Groundball, 34)
Batting: LHB Marcos Pérez 0-0: 2-RUN HOME RUN (Line Drive, 9LD), Distance : 324 ft
Batting: LHB Bill McCraney 0-0: SINGLE (Line Drive, 4D)
Batting: RHB Richie Miller 0-0: Ball
1-0: Ball
2-0: Fly out, F8 (Flyball, 89M)
Batting: LHB Vicente Chávez 0-0: Foul Ball, location: 2F
0-1: Ball
1-1: Ball
2-1: Foul Ball, location: 2F
2-2: Foul Ball, location: 2F
2-2: Foul Ball, location: 2F
2-2: Fly out, F7 (Flyball, 7)
Bottom of the 9th over - 2 run(s), 3 hit(s), 0 error(s), 1 left on base; San Jose 15 - Redwood City 5
Tuesday, August 8th, 2017 - OOTP Baseball 17.12 Build 75